 Dungeon Crawl Stone Soup version 0.17.1-1-g73c8601 (webtiles) character file.

50 JustSomeDude the Insei (level 3, -1/29 HPs)
             Began as a Demonspawn Monk on Dec 25, 2015.
             Killed from afar by SaintRoka's ghost (6 damage)
             ... with a magic dart
             ... on level 3 of the Dungeon.
             The game lasted 00:03:02 (1676 turns).

JustSomeDude the Insei (Demonspawn Monk)            Turns: 1676, Time: 00:03:02

Health: -1/29      AC:  5    Str: 11    XL:     3   Next: 55%
Magic:  3/3        EV: 13    Int: 11    God:
Gold:   33         SH:  0    Dex: 16    Spells: 0 memorised, 2 levels left

rFire  . . .     SeeInvis .       - Unarmed
rCold  + . .     Clarity  .     n - +0 leather armour
rNeg   . . .     SustAt   .     (no shield)
rPois  .         Gourm    .     (no helmet)
rElec  .         Spirit   .     (no cloak)
rCorr  .         Warding  .     (no gloves)
rMut   .         Stasis   .     (no boots)
MR     .....                    (no amulet)
Stlth  ++........               (no ring)
                                (no ring)

@: not resistant to hostile enchantments, unstealthy
A: slimy green scales 1, cold resistance 1
a: no special abilities


You were on level 3 of the Dungeon.
You were full.

You visited 1 branch of the dungeon, and saw 3 of its levels.

You collected 33 gold pieces.

Inventory:

Missiles
 i - 11 bolts of flame
 j - 3 tomahawks (quivered)
Armour
 a - a +0 robe
 n - a +0 leather armour (worn)
Scrolls
 g - a scroll of remove curse {unknown}
 k - a scroll of random uselessness {unknown}
Potions
 c - 4 potions of haste {unknown}
 e - a potion of lignification {unknown}
 h - a potion of brilliance {unknown}
 l - a potion of magic {unknown}
 m - a potion of cancellation {unknown}
Comestibles
 b - 2 bread rations
 d - a meat ration
 f - 2 fruits


   Skills:
 + Level 3.4 Fighting
 + Level 3.1 Dodging
 + Level 2.1 Stealth
 + Level 4.1 Unarmed Combat


You had 2 spell levels left.
You didn't know any spells.

Dungeon Overview and Level Annotations

Branches:
Dungeon (3/15)

Altars:
Ashenzari
Xom
Zin

Annotations:
D:3 SaintRoka's ghost, amateur OgCj


Innate Abilities, Weirdness & Mutations

You are partially covered in slimy green scales (AC +2).
Your flesh is cold resistant.


Message History

SaintRoka's ghost gestures at you while chanting.
The magic dart hits you!
You hit SaintRoka's ghost but do no damage.
SaintRoka's ghost is lightly damaged.
SaintRoka's ghost closely misses you.
You hit SaintRoka's ghost but do no damage.
SaintRoka's ghost is lightly damaged.
SaintRoka's ghost gestures at you while chanting.
The magic dart hits you!
* * * LOW HITPOINT WARNING * * *
You are too injured to fight recklessly!
You are too injured to fight recklessly!
You hit SaintRoka's ghost.
SaintRoka's ghost is lightly damaged.
SaintRoka's ghost barely misses you.
You hit SaintRoka's ghost.
SaintRoka's ghost is lightly damaged.
SaintRoka's ghost casts a spell at you. The magic dart hits you!
You die...

# #. ##.###### .#
#.
.[...)..#######.#
#.
.................
#.
...............#
#.
##.#####.......#
#. #.......# #.
#.......# #.
#!@.....# #.
#.W.....# #.
.'.......+ ..
###.......# ##.
#.......# #.
######### #.


You could see SaintRoka's ghost.

Vanquished Creatures
  3 worms
  2 giant geckos (D:1)
  2 bats (D:1)
  A giant cockroach (D:1)
  7 goblins
  6 hobgoblins
  7 kobolds
  6 giant newts
  4 rats
38 creatures vanquished.

Notes
Turn   | Place    | Note
--------------------------------------------------------------
     0 | D:1      | JustSomeDude the Demonspawn Monk began the quest for the Orb.
     0 | D:1      | Reached XP level 1. HP: 18/18 MP: 1/1
   143 | D:1      | Gained mutation: Your flesh is cold resistant. [demonic ancestry]
   143 | D:1      | Reached XP level 2. HP: 13/24 MP: 2/2
   586 | D:1      | Reached skill level 4 in Unarmed Combat
   859 | D:1      | Gained mutation: You are partially covered in slimy green scales (AC +2). [demonic ancestry]
   859 | D:1      | Reached XP level 3. HP: 19/29 MP: 3/3
  1045 | D:2      | Found a shattered altar of Ashenzari.
  1371 | D:2      | Found a shimmering altar of Xom.
  1371 | D:2      | Noticed an angel
  1376 | D:2      | Found a glowing silver altar of Zin.
  1664 | D:3      | Noticed SaintRoka's ghost (amateur OgCj)
  1676 | D:3      | Killed from afar by SaintRoka's ghost

Action                   || total
-------------------------++-------
Melee: Unarmed           ||   137
 Stab: Sleeping          ||     7
  Eat: Meat ration       ||     1
       Fruit             ||     1
       Pizza             ||     1
